[ AOE2 MATCH · #476001014 ]
UnrankedPoles vs Cumans
[ REPLAY ANALYSIS · EXTRACTED FROM THE RECORDED GAME ]
Feudal
13:12
Castle
19:51
Imperial
—
| APM avg | 32.1 |
| APM peak | 79 |
| eAPM avg | 16.8 |
| Villagers / military | 94 / 40 |
Focus
⚔️ 25.8% · 🌾 74.2%
Knight ×33 · Battering Ram ×5 · Mangonel ×1 · Scorpion ×1
Feudal
9:43
Castle
21:23
Imperial
35:40
| APM avg | 47.5 |
| APM peak | 113 |
| eAPM avg | 29.8 |
| Villagers / military | 207 / 161 |
Focus
⚔️ 28.8% · 🌾 71.2%
Camel Scout ×116 · Spearman ×33 · Scout Cavalry ×7 · Knight ×5
Feudal
10:05
Castle
21:12
Imperial
—
| APM avg | 43.6 |
| APM peak | 87 |
| eAPM avg | 30.9 |
| Villagers / military | 92 / 43 |
Focus
⚔️ 58.7% · 🌾 41.3%
Spearman ×36 · Archer ×4 · Militia ×3
Feudal
11:52
Castle
15:27
Imperial
31:33
| APM avg | 35.4 |
| APM peak | 73 |
| eAPM avg | 15.2 |
| Villagers / military | 128 / 46 |
Focus
⚔️ 22.9% · 🌾 77.1%
Camel Archer ×41 · Petard ×4 · Mangonel ×1
Feudal
11:51
Castle
16:02
Imperial
26:46
| APM avg | 37.0 |
| APM peak | 97 |
| eAPM avg | 17.9 |
| Villagers / military | 128 / 26 |
Focus
⚔️ 27.7% · 🌾 72.3%
Monk ×21 · Unknown (2586) ×16 · Trebuchet (Packed) ×5 · Unknown (2562) ×4
Feudal
11:39
Castle
15:40
Imperial
33:16
| APM avg | 46.7 |
| APM peak | 80 |
| eAPM avg | 21.9 |
| Villagers / military | 153 / 57 |
Focus
⚔️ 35.1% · 🌾 64.9%
Spearman ×34 · Knight ×15 · Trebuchet (Packed) ×4 · Monk ×2 · Scorpion ×2
Feudal
11:28
Castle
14:58
Imperial
30:00
| APM avg | 40.3 |
| APM peak | 89 |
| eAPM avg | 22.1 |
| Villagers / military | 123 / 133 |
Focus
⚔️ 33.7% · 🌾 66.3%
Knight ×128 · Trade Cart ×6 · Mangonel ×5
Feudal
10:20
Castle
22:09
Imperial
35:09
| APM avg | 44.4 |
| APM peak | 90 |
| eAPM avg | 27.2 |
| Villagers / military | 134 / 43 |
Focus
⚔️ 43.3% · 🌾 56.7%
Camel Scout ×22 · Scout Cavalry ×9 · Archer ×6 · Militia ×5 · Mangonel ×1
Match map
Initial resources + every placement click. Lines = walls · curves = elevation contours. ◆ gold · ⬟ stone · ● berries · ✦ relic · ◌ wall gap
Your base· ✓ Closed at 19:51 · 46t walls · 1 gate(s)
Violet Ania's base· ✓ Closed at 21:23 · 31t walls · no gate
Prince <3's base· Open — opponent sealed themselves in
Inebriation's base· ✓ Closed at 15:27 · 4t walls · no gate
SharkAoE's base· Open — opponent sealed themselves in
Harry's base· ✓ Closed at 15:40 · 0t walls · no gate
Granny Pumpkinz's base· Open — opponent sealed themselves in
YoungPanda's base· ✓ Closed at 22:09 · 8t walls · no gate
Smoothed initial terrain · ◌ = detected wall gap · hover for details
Inputs per minute
— Flex - - Violet Ania
Build order — Flex
First 150 of 248 actions detected
| 0:02 | Queue | Villager (Male) |
| 0:02 | Queue | Villager (Male) |
| 0:02 | Queue | Villager (Male) |
| 0:02 | Queue | Villager (Male) |
| 0:04 | Build | House |
| 0:05 | Build | House |
| 1:28 | Queue | Villager (Male) |
| 1:28 | Queue | Villager (Male) |
| 2:04 | Build | Lumber Camp |
| 2:05 | Queue | Villager (Male) |
| 2:06 | Queue | Villager (Male) |
| 2:06 | Queue | Villager (Male) |
| 2:06 | Queue | Villager (Male) |
| 2:26 | Queue | Villager (Male) |
| 2:27 | Queue | Villager (Male) |
| 2:27 | Queue | Villager (Male) |
| 2:43 | Research | Loom |
| 2:44 | Research | Loom |
| 2:44 | Queue | Villager (Male) |
| 2:45 | Queue | Villager (Male) |
| 2:45 | Queue | Villager (Male) |
| 2:58 | Queue | Villager (Male) |
| 2:59 | Queue | Villager (Male) |
| 2:59 | Queue | Villager (Male) |
| 3:17 | Queue | Villager (Male) |
| 3:17 | Queue | Villager (Male) |
| 3:51 | Queue | Villager (Male) |
| 3:52 | Queue | Villager (Male) |
| 3:52 | Queue | Villager (Male) |
| 3:52 | Queue | Villager (Male) |
| 4:28 | Build | House |
| 4:45 | Queue | Villager (Male) |
| 4:53 | Build | Mill |
| 5:43 | Build | Palisade Wall |
| 5:50 | Queue | Villager (Male) |
| 5:50 | Queue | Villager (Male) |
| 5:50 | Queue | Villager (Male) |
| 6:02 | Queue | Villager (Male) |
| 6:02 | Queue | Villager (Male) |
| 6:02 | Queue | Villager (Male) |
| 6:03 | Queue | Villager (Male) |
| 7:13 | Queue | Villager (Male) |
| 7:39 | Queue | Villager (Male) |
| 8:03 | Queue | Villager (Male) |
| 8:21 | Queue | Villager (Male) |
| 8:38 | Build | Palisade Wall |
| 8:56 | Queue | Villager (Male) |
| 9:07 | Build | Palisade Wall |
| 9:15 | Queue | Villager (Male) |
| 9:23 | Queue | Villager (Male) |
| 9:39 | Build | Mill |
| 9:42 | Build | House |
| 10:23 | Build | Palisade Wall |
| 10:25 | Build | Palisade Wall |
| 10:27 | Queue | Villager (Male) |
| 10:51 | Build | House |
| 10:58 | Research | Feudal Age |
| 11:59 | Queue | Villager (Male) |
| 12:05 | Queue | Villager (Male) |
| 13:05 | Build | House |
| 13:12 | Age | Feudal Age |
| 13:14 | Build | House |
| 13:18 | Build | House |
| 13:23 | Build | House |
| 13:38 | Build | Stone Wall |
| 14:17 | Build | Stone Wall |
| 14:18 | Queue | Villager (Male) |
| 14:18 | Queue | Villager (Male) |
| 15:31 | Queue | Villager (Male) |
| 15:31 | Queue | Villager (Male) |
| 15:36 | Build | Farm |
| 15:40 | Build | Blacksmith |
| 15:42 | Build | Market |
| 16:10 | Build | Stone Wall |
| 16:11 | Build | Stone Wall |
| 16:22 | Queue | Villager (Male) |
| 17:11 | Research | Castle Age |
| 17:11 | Research | Castle Age |
| 17:11 | Research | Castle Age |
| 17:31 | Build | Barracks |
| 17:40 | Build | Gate |
| 18:03 | Build | Farm |
| 18:06 | Build | Farm |
| 18:06 | Build | Farm |
| 18:06 | Build | Farm |
| 18:07 | Build | Farm |
| 18:22 | Build | Mining Camp |
| 18:31 | Build | Farm |
| 18:32 | Build | Farm |
| 18:32 | Build | Farm |
| 18:32 | Build | Farm |
| 18:32 | Build | Farm |
| 18:47 | Queue | Villager (Male) |
| 19:00 | Build | Stable |
| 19:51 | Age | Castle Age |
| 19:54 | Queue | Villager (Male) |
| 19:56 | Queue | Knight |
| 19:57 | Queue | Knight |
| 20:03 | Build | Siege Workshop |
| 20:30 | Research | Double-Bit Axe |
| 20:30 | Research | Double-Bit Axe |
| 20:38 | Queue | Mangonel |
| 20:47 | Build | Stable |
| 20:51 | Research | Bloodlines |
| 20:58 | Queue | Villager (Male) |
| 20:59 | Queue | Villager (Male) |
| 21:05 | Research | Horse Collar |
| 21:11 | Queue | Knight |
| 21:28 | Build | House |
| 21:29 | Queue | Knight |
| 21:30 | Queue | Knight |
| 21:42 | Queue | Villager (Male) |
| 21:45 | Build | House |
| 21:45 | Build | House |
| 21:46 | Build | House |
| 21:48 | Queue | Villager (Male) |
| 21:58 | Queue | Knight |
| 21:58 | Queue | Knight |
| 22:20 | Queue | Villager (Male) |
| 22:22 | Queue | Knight |
| 22:40 | Queue | Villager (Male) |
| 23:13 | Queue | Villager (Male) |
| 23:17 | Build | Farm |
| 23:17 | Build | Farm |
| 23:18 | Build | Farm |
| 23:58 | Research | Forging |
| 24:10 | Queue | Villager (Male) |
| 24:15 | Build | Farm |
| 24:24 | Queue | Scorpion |
| 24:36 | Queue | Villager (Male) |
| 24:38 | Research | Bow Saw |
| 24:38 | Research | Bow Saw |
| 24:38 | Research | Bow Saw |
| 24:39 | Research | Bow Saw |
| 24:46 | Queue | Knight |
| 24:46 | Queue | Knight |
| 25:05 | Queue | Villager (Male) |
| 25:07 | Queue | Knight |
| 25:07 | Queue | Knight |
| 25:20 | Queue | Battering Ram |
| 25:20 | Queue | Battering Ram |
| 25:51 | Research | Iron Casting |
| 25:57 | Build | Farm |
| 25:59 | Build | Farm |
| 26:42 | Queue | Villager (Male) |
| 26:43 | Queue | Villager (Male) |
| 26:45 | Queue | Knight |
| 26:46 | Queue | Knight |
| 26:56 | Build | House |
| 26:57 | Build | House |
Build order — Violet Ania
First 150 of 521 actions detected
| 0:04 | Build | House |
| 0:05 | Build | House |
| 0:06 | Queue | Villager (Male) |
| 0:06 | Queue | Villager (Male) |
| 0:09 | Queue | Villager (Male) |
| 0:09 | Queue | Villager (Male) |
| 1:31 | Queue | Villager (Male) |
| 1:32 | Queue | Villager (Male) |
| 1:54 | Queue | Villager (Male) |
| 1:54 | Queue | Villager (Male) |
| 2:19 | Build | Lumber Camp |
| 2:20 | Queue | Villager (Male) |
| 2:21 | Queue | Villager (Male) |
| 2:21 | Queue | Villager (Male) |
| 2:48 | Queue | Villager (Male) |
| 2:48 | Queue | Villager (Male) |
| 2:58 | Queue | Villager (Male) |
| 2:59 | Queue | Villager (Male) |
| 3:17 | Queue | Villager (Male) |
| 3:17 | Queue | Villager (Male) |
| 3:41 | Queue | Villager (Male) |
| 3:42 | Queue | Villager (Male) |
| 3:53 | Build | House |
| 4:13 | Queue | Villager (Male) |
| 4:13 | Queue | Villager (Male) |
| 4:36 | Queue | Villager (Male) |
| 4:37 | Queue | Villager (Male) |
| 4:52 | Queue | Villager (Male) |
| 4:53 | Queue | Villager (Male) |
| 5:23 | Queue | Villager (Male) |
| 5:23 | Queue | Villager (Male) |
| 5:29 | Queue | Villager (Male) |
| 5:29 | Queue | Villager (Male) |
| 5:35 | Build | Mill |
| 5:42 | Build | Mill |
| 5:51 | Queue | Villager (Male) |
| 5:51 | Queue | Villager (Male) |
| 6:34 | Queue | Villager (Male) |
| 6:34 | Queue | Villager (Male) |
| 7:19 | Build | House |
| 7:33 | Research | Feudal Age |
| 7:56 | Build | Barracks |
| 9:43 | Age | Feudal Age |
| 9:47 | Build | Stable |
| 9:59 | Queue | Villager (Male) |
| 10:00 | Queue | Villager (Male) |
| 10:13 | Build | Town Center |
| 10:20 | Research | Double-Bit Axe |
| 10:28 | Queue | Villager (Male) |
| 10:29 | Queue | Villager (Male) |
| 10:38 | Queue | Villager (Male) |
| 10:42 | Queue | Scout Cavalry |
| 10:42 | Queue | Scout Cavalry |
| 10:42 | Queue | Scout Cavalry |
| 10:42 | Queue | Scout Cavalry |
| 11:02 | Queue | Villager (Male) |
| 11:02 | Queue | Villager (Male) |
| 11:08 | Build | Farm |
| 11:15 | Research | Horse Collar |
| 11:16 | Research | Horse Collar |
| 11:16 | Research | Horse Collar |
| 11:26 | Build | House |
| 11:43 | Queue | Villager (Male) |
| 11:43 | Queue | Villager (Male) |
| 12:01 | Queue | Scout Cavalry |
| 12:01 | Queue | Scout Cavalry |
| 12:01 | Queue | Scout Cavalry |
| 12:03 | Queue | Villager (Male) |
| 12:03 | Queue | Villager (Male) |
| 12:18 | Queue | Villager (Male) |
| 12:18 | Queue | Villager (Male) |
| 12:38 | Build | Farm |
| 12:38 | Build | Farm |
| 12:38 | Build | Farm |
| 12:38 | Build | Farm |
| 12:39 | Build | Farm |
| 12:39 | Build | Farm |
| 12:54 | Queue | Villager (Male) |
| 12:54 | Queue | Villager (Male) |
| 13:08 | Build | Farm |
| 13:14 | Build | Farm |
| 13:26 | Build | Farm |
| 13:29 | Build | Farm |
| 13:29 | Queue | Villager (Male) |
| 13:30 | Queue | Villager (Male) |
| 13:30 | Queue | Villager (Male) |
| 13:38 | Build | Farm |
| 13:53 | Queue | Villager (Male) |
| 13:53 | Queue | Villager (Male) |
| 13:53 | Queue | Villager (Male) |
| 13:55 | Build | Farm |
| 14:16 | Build | Farm |
| 14:20 | Build | Farm |
| 14:22 | Build | Farm |
| 14:23 | Queue | Villager (Male) |
| 14:23 | Queue | Villager (Male) |
| 14:24 | Queue | Villager (Male) |
| 14:24 | Queue | Villager (Male) |
| 14:25 | Queue | Villager (Male) |
| 14:25 | Queue | Villager (Male) |
| 14:31 | Build | House |
| 14:37 | Build | House |
| 14:49 | Queue | Villager (Male) |
| 14:49 | Queue | Villager (Male) |
| 14:50 | Queue | Villager (Male) |
| 14:54 | Queue | Villager (Male) |
| 14:54 | Queue | Villager (Male) |
| 14:58 | Build | Farm |
| 15:00 | Build | Farm |
| 15:10 | Queue | Villager (Male) |
| 15:10 | Queue | Villager (Male) |
| 15:16 | Queue | Villager (Male) |
| 15:21 | Queue | Villager (Male) |
| 15:21 | Queue | Villager (Male) |
| 15:26 | Build | Farm |
| 15:49 | Queue | Villager (Male) |
| 15:49 | Queue | Villager (Male) |
| 15:58 | Build | Farm |
| 16:26 | Build | Farm |
| 16:27 | Queue | Villager (Male) |
| 16:27 | Queue | Villager (Male) |
| 16:36 | Build | Farm |
| 16:39 | Build | Farm |
| 16:40 | Queue | Villager (Male) |
| 16:40 | Queue | Villager (Male) |
| 16:45 | Build | Farm |
| 17:00 | Build | House |
| 17:01 | Build | House |
| 17:13 | Build | House |
| 17:14 | Build | House |
| 17:15 | Build | House |
| 17:21 | Build | Market |
| 17:42 | Queue | Villager (Male) |
| 17:58 | Queue | Villager (Male) |
| 17:58 | Queue | Villager (Male) |
| 18:01 | Build | Farm |
| 18:01 | Build | Farm |
| 18:02 | Build | Farm |
| 18:27 | Build | Farm |
| 18:43 | Research | Castle Age |
| 18:48 | Build | Farm |
| 18:52 | Build | Stable |
| 18:54 | Queue | Villager (Male) |
| 18:55 | Queue | Villager (Male) |
| 19:14 | Build | Palisade Wall |
| 19:20 | Build | Palisade Wall |
| 19:30 | Queue | Villager (Male) |
| 19:32 | Queue | Villager (Male) |
| 19:33 | Queue | Villager (Male) |
| 19:45 | Queue | Villager (Male) |
Build order — Prince <3
First 150 of 247 actions detected
| 0:01 | Queue | Villager (Male) ×4 |
| 0:02 | Build | House |
| 0:03 | Build | House |
| 1:18 | Build | Palisade Wall |
| 1:22 | Build | Palisade Wall |
| 1:23 | Build | Palisade Wall |
| 1:28 | Build | Palisade Wall |
| 1:33 | Queue | Villager (Male) |
| 2:09 | Queue | Villager (Male) |
| 2:24 | Research | Loom |
| 2:32 | Queue | Villager (Male) |
| 3:05 | Queue | Villager (Male) |
| 3:09 | Build | Lumber Camp |
| 3:22 | Queue | Villager (Male) |
| 3:33 | Queue | Villager (Male) |
| 4:23 | Queue | Villager (Male) |
| 4:35 | Build | House |
| 4:44 | Queue | Villager (Male) |
| 4:44 | Queue | Villager (Male) |
| 5:31 | Queue | Villager (Male) |
| 5:43 | Queue | Villager (Male) |
| 5:50 | Queue | Villager (Male) |
| 5:52 | Queue | Villager (Male) |
| 6:29 | Build | Barracks |
| 7:25 | Research | Loom |
| 7:47 | Build | Palisade Wall |
| 7:49 | Build | Palisade Wall |
| 7:55 | Research | Feudal Age |
| 8:20 | Build | Mill |
| 8:23 | Queue | Villager (Male) |
| 8:24 | Queue | Villager (Male) |
| 8:30 | Build | House |
| 8:51 | Build | Palisade Wall |
| 9:22 | Queue | Militia |
| 9:23 | Queue | Militia |
| 9:42 | Build | Mining Camp |
| 9:43 | Queue | Militia |
| 10:03 | Queue | Villager (Male) |
| 10:05 | Age | Feudal Age |
| 10:09 | Research | Man-at-Arms (upgrade) |
| 10:33 | Queue | Villager (Male) |
| 10:48 | Queue | Villager (Male) |
| 11:03 | Build | House |
| 11:10 | Build | Archery Range |
| 11:31 | Queue | Villager (Male) |
| 11:51 | Build | House |
| 12:02 | Queue | Villager (Male) |
| 12:10 | Research | Double-Bit Axe |
| 12:24 | Queue | Archer |
| 12:25 | Queue | Archer |
| 12:38 | Queue | Villager (Male) |
| 12:40 | Queue | Villager (Male) |
| 12:43 | Queue | Archer |
| 13:09 | Build | Stone Wall |
| 13:23 | Queue | Archer |
| 13:30 | Queue | Villager (Male) |
| 13:31 | Queue | Villager (Male) |
| 13:32 | Build | Blacksmith |
| 13:37 | Build | Blacksmith |
| 14:13 | Build | Farm |
| 14:13 | Build | Farm |
| 14:13 | Build | Farm |
| 14:14 | Build | Farm |
| 14:14 | Build | Farm |
| 14:14 | Build | Farm |
| 14:16 | Build | House |
| 14:25 | Queue | Villager (Male) |
| 15:13 | Queue | Villager (Male) |
| 15:13 | Queue | Villager (Male) |
| 15:15 | Build | Farm |
| 15:15 | Build | Farm |
| 15:16 | Build | Farm |
| 15:16 | Build | Farm |
| 15:16 | Build | Farm |
| 15:17 | Build | Farm |
| 15:22 | Build | Farm |
| 15:47 | Queue | Villager (Male) |
| 15:51 | Build | Farm |
| 16:02 | Build | Stone Wall |
| 16:13 | Build | House |
| 16:16 | Queue | Villager (Male) |
| 16:26 | Build | Mining Camp |
| 16:38 | Queue | Villager (Male) |
| 16:40 | Build | Farm |
| 17:34 | Build | Market |
| 17:46 | Queue | Spearman |
| 17:50 | Queue | Villager (Male) |
| 17:50 | Queue | Villager (Male) |
| 17:53 | Build | House |
| 17:54 | Build | House |
| 18:16 | Queue | Spearman |
| 18:32 | Research | Castle Age |
| 19:00 | Queue | Spearman |
| 19:07 | Queue | Villager (Male) |
| 19:16 | Build | Stone Wall |
| 19:21 | Build | Stone Wall |
| 19:37 | Queue | Spearman |
| 19:38 | Queue | Spearman |
| 20:11 | Queue | Spearman |
| 20:29 | Queue | Spearman |
| 20:33 | Build | House |
| 20:35 | Build | House |
| 20:38 | Build | House |
| 20:43 | Build | House |
| 20:53 | Queue | Spearman |
| 21:10 | Queue | Villager (Male) |
| 21:12 | Age | Castle Age |
| 21:22 | Build | Town Center |
| 21:26 | Build | Town Center |
| 21:30 | Research | Pikeman (upgrade) |
| 22:04 | Build | House |
| 22:06 | Build | House |
| 22:07 | Build | House |
| 22:09 | Build | House |
| 22:25 | Queue | Villager (Male) |
| 22:25 | Queue | Villager (Male) |
| 23:09 | Queue | Spearman |
| 23:25 | Queue | Villager (Male) |
| 23:26 | Queue | Villager (Male) |
| 23:42 | Build | Castle |
| 23:49 | Queue | Spearman |
| 23:58 | Queue | Villager (Male) |
| 23:58 | Queue | Villager (Male) |
| 24:02 | Build | Farm |
| 24:03 | Build | Farm |
| 24:04 | Build | Farm |
| 24:05 | Build | Farm |
| 24:06 | Build | Farm |
| 24:07 | Build | Farm |
| 24:18 | Build | Farm |
| 24:19 | Build | Farm |
| 24:19 | Build | Farm |
| 24:19 | Build | Farm |
| 24:20 | Build | Farm |
| 24:20 | Build | Farm |
| 24:43 | Queue | Villager (Male) |
| 24:43 | Queue | Villager (Male) |
| 24:55 | Build | Farm |
| 24:57 | Build | Farm |
| 25:07 | Queue | Spearman |
| 25:13 | Build | Farm |
| 25:14 | Build | Farm |
| 25:21 | Queue | Villager (Male) |
| 25:24 | Queue | Villager (Male) ×3 |
| 25:28 | Build | Farm |
| 25:53 | Queue | Spearman |
| 25:53 | Queue | Spearman |
| 25:58 | Build | Stone Wall |
| 26:18 | Research | Horse Collar |
| 26:25 | Research | Bow Saw |
Build order — Inebriation
First 150 of 279 actions detected
| 0:01 | Queue | Villager (Male) |
| 0:02 | Queue | Villager (Male) |
| 0:03 | Build | House |
| 0:04 | Build | House |
| 0:19 | Queue | Villager (Male) |
| 0:20 | Queue | Villager (Male) |
| 1:23 | Queue | Villager (Male) |
| 1:45 | Build | Lumber Camp |
| 2:07 | Queue | Villager (Male) |
| 2:07 | Queue | Villager (Male) |
| 2:26 | Queue | Villager (Male) |
| 2:46 | Queue | Villager (Male) |
| 3:03 | Queue | Villager (Male) |
| 3:35 | Build | House |
| 3:37 | Queue | Villager (Male) |
| 4:17 | Queue | Villager (Male) |
| 4:17 | Queue | Villager (Male) |
| 4:32 | Queue | Villager (Male) |
| 4:56 | Queue | Villager (Male) |
| 5:29 | Queue | Villager (Male) |
| 5:36 | Build | House |
| 5:40 | Queue | Villager (Male) |
| 5:40 | Queue | Villager (Male) |
| 6:03 | Build | Mill |
| 6:17 | Queue | Villager (Male) |
| 6:23 | Queue | Villager (Male) |
| 6:24 | Queue | Villager (Male) |
| 6:34 | Queue | Villager (Male) |
| 6:54 | Research | Loom |
| 7:19 | Queue | Villager (Male) |
| 7:19 | Queue | Villager (Male) |
| 7:31 | Queue | Villager (Male) |
| 7:55 | Queue | Villager (Male) |
| 8:04 | Build | Palisade Wall |
| 8:05 | Build | Palisade Wall |
| 8:07 | Build | Palisade Wall |
| 8:16 | Build | Palisade Wall |
| 8:36 | Build | Mining Camp |
| 8:41 | Build | House |
| 9:04 | Queue | Villager (Male) |
| 9:23 | Research | Feudal Age |
| 9:36 | Build | Mining Camp |
| 9:56 | Queue | Villager (Male) |
| 9:56 | Queue | Villager (Male) |
| 11:52 | Age | Feudal Age |
| 11:55 | Build | Market |
| 12:04 | Build | Blacksmith |
| 12:36 | Research | Double-Bit Axe |
| 12:37 | Research | Horse Collar |
| 12:47 | Research | Castle Age |
| 12:48 | Research | Castle Age |
| 12:54 | Build | Farm |
| 12:55 | Build | Farm |
| 12:56 | Build | Farm |
| 14:24 | Build | House |
| 14:59 | Queue | Villager (Male) |
| 15:00 | Queue | Villager (Male) |
| 15:06 | Build | Farm |
| 15:07 | Build | Farm |
| 15:27 | Age | Castle Age |
| 15:49 | Build | Castle |
| 15:58 | Build | Castle |
| 16:07 | Queue | Villager (Male) |
| 16:08 | Research | Fletching |
| 16:12 | Build | House |
| 16:24 | Build | Farm |
| 17:12 | Queue | Villager (Male) |
| 17:14 | Queue | Camel Archer |
| 17:14 | Queue | Camel Archer |
| 17:40 | Build | Town Center |
| 17:41 | Queue | Villager (Male) |
| 17:46 | Queue | Camel Archer |
| 17:48 | Research | Bodkin Arrow |
| 17:49 | Queue | Villager (Male) |
| 18:00 | Queue | Villager (Male) |
| 18:08 | Queue | Camel Archer |
| 18:34 | Queue | Camel Archer |
| 18:55 | Queue | Petard |
| 18:57 | Queue | Petard |
| 19:13 | Build | Farm |
| 19:13 | Build | Farm |
| 19:14 | Build | Farm |
| 19:15 | Queue | Villager (Male) |
| 19:15 | Queue | Villager (Male) |
| 19:17 | Queue | Villager (Male) |
| 19:17 | Queue | Villager (Male) |
| 19:17 | Queue | Villager (Male) |
| 19:38 | Build | Farm |
| 19:40 | Build | Farm |
| 19:49 | Queue | Camel Archer |
| 19:49 | Queue | Camel Archer |
| 20:01 | Queue | Villager (Male) |
| 20:01 | Queue | Villager (Male) |
| 20:03 | Build | Farm |
| 20:05 | Build | Farm |
| 20:07 | Build | Farm |
| 20:25 | Queue | Villager (Male) |
| 20:54 | Queue | Camel Archer |
| 20:57 | Queue | Villager (Male) |
| 20:57 | Queue | Camel Archer |
| 21:18 | Build | Farm |
| 21:19 | Build | Farm |
| 21:20 | Build | Farm |
| 21:21 | Build | Farm |
| 21:22 | Queue | Villager (Male) |
| 21:23 | Queue | Villager (Male) |
| 21:24 | Queue | Villager (Male) |
| 21:53 | Queue | Petard |
| 21:53 | Queue | Petard |
| 22:00 | Queue | Villager (Male) |
| 22:01 | Queue | Villager (Male) |
| 22:03 | Build | Farm |
| 22:04 | Build | Farm |
| 22:06 | Build | Farm |
| 22:06 | Queue | Villager (Male) |
| 22:08 | Build | House |
| 22:08 | Build | House |
| 22:10 | Build | House |
| 22:23 | Queue | Villager (Male) |
| 22:23 | Queue | Villager (Male) |
| 22:26 | Queue | Villager (Male) |
| 22:30 | Build | Town Center |
| 22:37 | Queue | Camel Archer |
| 22:37 | Queue | Camel Archer |
| 22:56 | Queue | Camel Archer |
| 23:32 | Queue | Villager (Male) |
| 23:34 | Research | Wheelbarrow |
| 23:46 | Queue | Camel Archer |
| 23:46 | Queue | Camel Archer |
| 23:47 | Queue | Villager (Male) |
| 23:49 | Build | House |
| 23:50 | Queue | Villager (Male) |
| 23:50 | Queue | Villager (Male) |
| 23:53 | Queue | Villager (Male) |
| 23:59 | Build | Farm |
| 24:01 | Build | Farm |
| 24:05 | Build | Farm |
| 24:06 | Build | Farm |
| 24:06 | Queue | Villager (Male) |
| 24:07 | Queue | Villager (Male) |
| 24:10 | Build | House |
| 24:10 | Build | House |
| 24:27 | Queue | Villager (Male) |
| 24:44 | Queue | Villager (Male) |
| 24:50 | Build | Siege Workshop |
| 24:52 | Queue | Villager (Male) |
| 24:52 | Queue | Villager (Male) |
| 24:56 | Queue | Camel Archer |
| 24:57 | Queue | Camel Archer |
| 24:59 | Queue | Villager (Male) |
Build order — SharkAoE
First 150 of 263 actions detected
| 0:01 | Queue | Villager (Male) |
| 0:01 | Queue | Villager (Male) |
| 0:02 | Build | House |
| 0:03 | Build | House |
| 0:05 | Queue | Villager (Male) |
| 0:05 | Queue | Villager (Male) |
| 0:06 | Queue | Villager (Male) |
| 1:25 | Queue | Villager (Male) |
| 1:25 | Queue | Villager (Male) |
| 1:25 | Queue | Villager (Male) |
| 1:52 | Build | Settlement |
| 2:00 | Queue | Villager (Male) |
| 2:00 | Queue | Villager (Male) |
| 2:00 | Queue | Villager (Male) |
| 2:21 | Queue | Villager (Male) |
| 2:22 | Queue | Villager (Male) |
| 2:49 | Queue | Villager (Male) |
| 2:50 | Queue | Villager (Male) |
| 2:50 | Queue | Villager (Male) |
| 3:03 | Queue | Villager (Male) |
| 3:03 | Queue | Villager (Male) |
| 3:04 | Queue | Villager (Male) |
| 3:31 | Queue | Villager (Male) |
| 3:31 | Queue | Villager (Male) |
| 3:31 | Queue | Villager (Male) |
| 3:56 | Queue | Villager (Male) |
| 3:56 | Queue | Villager (Male) |
| 4:18 | Research | Loom |
| 4:21 | Build | Settlement |
| 4:26 | Queue | Villager (Male) |
| 4:27 | Queue | Villager (Male) |
| 4:27 | Queue | Villager (Male) |
| 5:24 | Queue | Villager (Male) |
| 5:35 | Build | Palisade Wall |
| 5:41 | Queue | Villager (Male) |
| 5:42 | Queue | Villager (Male) |
| 5:42 | Queue | Villager (Male) |
| 5:44 | Queue | Villager (Male) |
| 5:44 | Queue | Villager (Male) |
| 5:44 | Queue | Villager (Male) |
| 5:44 | Queue | Villager (Male) |
| 6:06 | Build | Palisade Wall |
| 6:09 | Build | Farm |
| 6:13 | Queue | Villager (Male) |
| 6:28 | Build | Settlement |
| 7:27 | Queue | Villager (Male) |
| 7:27 | Queue | Villager (Male) |
| 7:52 | Queue | Villager (Male) |
| 8:00 | Build | Farm |
| 8:21 | Queue | Villager (Male) |
| 8:23 | Build | Farm |
| 8:38 | Queue | Villager (Male) |
| 8:53 | Build | Farm |
| 9:09 | Queue | Villager (Male) |
| 9:41 | Research | Feudal Age |
| 9:41 | Research | Feudal Age |
| 9:52 | Build | Settlement |
| 10:36 | Build | Palisade Wall |
| 10:55 | Build | Palisade Wall |
| 11:00 | Queue | Villager (Male) |
| 11:03 | Build | Settlement |
| 11:14 | Build | Palisade Wall |
| 11:41 | Queue | Villager (Male) |
| 11:51 | Age | Feudal Age |
| 11:55 | Build | Stone Wall |
| 11:58 | Build | Stone Wall |
| 12:17 | Build | Market |
| 12:25 | Build | Blacksmith |
| 12:26 | Queue | Villager (Male) |
| 13:09 | Build | Watch Tower |
| 13:22 | Research | Castle Age |
| 13:22 | Research | Castle Age |
| 13:35 | Research | Double-Bit Axe |
| 13:55 | Research | Fletching |
| 13:55 | Research | Fletching |
| 14:17 | Queue | Villager (Male) |
| 14:53 | Build | Stone Wall |
| 14:59 | Queue | Villager (Male) |
| 15:21 | Queue | Villager (Male) |
| 16:02 | Age | Castle Age |
| 16:14 | Build | Monastery |
| 16:18 | Build | Monastery |
| 16:23 | Build | Farm |
| 16:25 | Build | Farm |
| 16:28 | Build | Farm |
| 16:41 | Build | Stone Wall |
| 16:48 | Build | Stone Wall |
| 16:54 | Queue | Monk |
| 16:56 | Queue | Monk |
| 17:00 | Build | Gate |
| 17:02 | Build | Stone Wall |
| 17:10 | Queue | Villager (Male) |
| 17:10 | Queue | Villager (Male) |
| 17:12 | Build | Farm |
| 17:30 | Queue | Villager (Male) |
| 17:33 | Build | Farm |
| 17:38 | Build | Farm |
| 17:39 | Build | Farm |
| 17:43 | Queue | Villager (Male) |
| 18:03 | Queue | Villager (Male) |
| 18:05 | Build | Farm |
| 18:10 | Queue | Villager (Male) |
| 18:17 | Build | Farm |
| 18:46 | Research | Sanctity |
| 18:49 | Queue | Villager (Male) |
| 18:49 | Queue | Villager (Male) |
| 18:55 | Queue | Villager (Male) |
| 18:55 | Queue | Villager (Male) |
| 19:00 | Build | Farm |
| 19:01 | Build | Farm |
| 19:24 | Queue | Villager (Male) |
| 19:25 | Queue | Villager (Male) |
| 19:26 | Queue | Monk |
| 19:33 | Build | Farm |
| 19:34 | Build | House |
| 20:06 | Build | Stone Wall |
| 20:16 | Build | Stone Wall |
| 20:25 | Queue | Monk |
| 20:26 | Queue | Monk |
| 20:55 | Queue | Villager (Male) |
| 20:55 | Queue | Villager (Male) |
| 21:38 | Queue | Villager (Male) |
| 21:39 | Queue | Villager (Male) |
| 21:52 | Build | University |
| 22:03 | Build | House |
| 22:04 | Build | House |
| 22:07 | Build | House |
| 22:19 | Queue | Villager (Male) |
| 22:20 | Queue | Villager (Male) |
| 23:11 | Build | Stone Wall |
| 23:36 | Research | Imperial Age |
| 23:36 | Research | Imperial Age |
| 23:48 | Queue | Villager (Male) |
| 23:49 | Queue | Villager (Male) |
| 23:49 | Queue | Villager (Male) |
| 24:06 | Build | House |
| 24:22 | Build | Stone Wall |
| 24:28 | Build | Stone Wall |
| 24:35 | Queue | Villager (Male) |
| 24:48 | Build | Castle |
| 24:55 | Build | Stone Wall |
| 25:03 | Queue | Villager (Male) |
| 25:04 | Queue | Villager (Male) |
| 25:14 | Build | Town Center |
| 25:50 | Queue | Monk |
| 25:50 | Queue | Monk |
| 25:50 | Queue | Monk |
| 26:29 | Queue | Villager (Male) |
| 26:29 | Queue | Villager (Male) |
| 26:46 | Age | Imperial Age |
Build order — Harry
First 150 of 351 actions detected
| 0:00 | Queue | Villager (Male) |
| 0:01 | Queue | Villager (Male) |
| 0:02 | Build | House |
| 0:04 | Build | House |
| 0:05 | Queue | Villager (Male) |
| 0:05 | Queue | Villager (Male) |
| 1:24 | Queue | Villager (Male) |
| 1:24 | Queue | Villager (Male) |
| 1:40 | Queue | Villager (Male) |
| 1:40 | Queue | Villager (Male) |
| 2:09 | Queue | Villager (Male) |
| 2:31 | Queue | Villager (Male) |
| 3:00 | Queue | Villager (Male) |
| 3:00 | Queue | Villager (Male) |
| 3:45 | Queue | Villager (Male) |
| 3:46 | Queue | Villager (Male) |
| 3:48 | Build | House |
| 4:00 | Queue | Villager (Male) |
| 4:01 | Queue | Villager (Male) |
| 4:03 | Build | Mill |
| 4:25 | Queue | Villager (Male) |
| 4:26 | Queue | Villager (Male) |
| 4:45 | Queue | Villager (Male) |
| 4:46 | Queue | Villager (Male) |
| 4:58 | Queue | Villager (Male) |
| 4:58 | Queue | Villager (Male) |
| 5:39 | Queue | Villager (Male) |
| 5:39 | Queue | Villager (Male) |
| 5:49 | Build | House |
| 6:11 | Queue | Villager (Male) |
| 6:11 | Queue | Villager (Male) |
| 6:29 | Queue | Villager (Male) |
| 6:30 | Queue | Villager (Male) |
| 6:31 | Queue | Villager (Male) |
| 6:31 | Queue | Villager (Male) |
| 7:10 | Queue | Villager (Male) |
| 7:11 | Queue | Villager (Male) |
| 7:33 | Queue | Villager (Male) |
| 7:39 | Build | Mule Cart |
| 7:43 | Queue | Villager (Male) |
| 7:54 | Queue | Villager (Male) |
| 8:21 | Queue | Villager (Male) |
| 9:04 | Queue | Villager (Male) |
| 9:13 | Research | Feudal Age |
| 10:30 | Build | Barracks |
| 10:33 | Build | Farm |
| 10:34 | Build | Farm |
| 10:35 | Build | Farm |
| 11:01 | Build | Farm |
| 11:05 | Build | Farm |
| 11:06 | Queue | Villager (Male) |
| 11:07 | Queue | Villager (Male) |
| 11:39 | Age | Feudal Age |
| 11:41 | Queue | Villager (Male) |
| 11:44 | Build | House |
| 11:46 | Build | Stable |
| 11:54 | Build | Market |
| 12:43 | Build | House |
| 13:00 | Research | Castle Age |
| 13:31 | Research | Horse Collar |
| 13:35 | Build | Farm |
| 14:09 | Research | Double-Bit Axe |
| 14:09 | Research | Double-Bit Axe |
| 14:13 | Build | Farm |
| 14:15 | Build | Farm |
| 14:18 | Queue | Villager (Male) |
| 15:15 | Build | Blacksmith |
| 15:40 | Age | Castle Age |
| 15:42 | Research | Bow Saw |
| 15:43 | Queue | Knight |
| 15:44 | Queue | Knight |
| 16:03 | Queue | Villager (Male) |
| 16:07 | Build | Town Center |
| 16:16 | Queue | Knight |
| 16:56 | Queue | Knight |
| 16:57 | Queue | Villager (Male) |
| 16:57 | Queue | Villager (Male) |
| 16:58 | Queue | Villager (Male) |
| 16:58 | Queue | Villager (Male) |
| 17:04 | Build | Farm |
| 17:25 | Queue | Villager (Male) |
| 17:25 | Queue | Villager (Male) |
| 17:25 | Queue | Villager (Male) |
| 17:27 | Build | Farm |
| 17:28 | Build | Farm |
| 17:31 | Build | Farm |
| 17:33 | Build | Farm |
| 17:51 | Queue | Villager (Male) |
| 17:52 | Queue | Villager (Male) |
| 17:52 | Queue | Villager (Male) |
| 18:02 | Queue | Villager (Male) |
| 18:02 | Queue | Villager (Male) |
| 18:04 | Build | Farm |
| 18:20 | Queue | Knight |
| 18:22 | Queue | Villager (Male) |
| 18:23 | Build | House |
| 18:24 | Build | House |
| 18:37 | Queue | Villager (Male) |
| 18:37 | Queue | Villager (Male) |
| 18:48 | Queue | Villager (Male) |
| 18:49 | Queue | Villager (Male) |
| 18:52 | Build | Mule Cart |
| 18:58 | Queue | Villager (Male) |
| 19:03 | Build | Monastery |
| 19:15 | Queue | Villager (Male) |
| 19:15 | Queue | Villager (Male) |
| 19:23 | Queue | Villager (Male) |
| 19:23 | Queue | Villager (Male) |
| 19:26 | Build | Farm |
| 19:36 | Queue | Villager (Male) |
| 19:36 | Queue | Villager (Male) |
| 19:40 | Build | Farm |
| 19:41 | Build | Farm |
| 19:52 | Queue | Villager (Male) |
| 19:52 | Queue | Villager (Male) |
| 19:56 | Build | Farm |
| 20:11 | Queue | Villager (Male) |
| 20:11 | Queue | Villager (Male) |
| 20:15 | Build | Monastery |
| 20:34 | Queue | Villager (Male) |
| 20:34 | Queue | Villager (Male) |
| 20:35 | Build | House |
| 20:36 | Build | House |
| 20:40 | Queue | Knight |
| 20:40 | Queue | Knight |
| 20:46 | Queue | Villager (Male) |
| 20:51 | Queue | Monk |
| 20:51 | Queue | Monk |
| 21:03 | Queue | Knight |
| 21:06 | Queue | Villager (Male) |
| 21:07 | Queue | Villager (Male) |
| 21:10 | Build | Farm |
| 21:12 | Build | Farm |
| 21:12 | Build | Farm |
| 21:24 | Queue | Villager (Male) |
| 21:31 | Build | Farm |
| 21:34 | Queue | Villager (Male) |
| 21:34 | Queue | Villager (Male) |
| 21:57 | Queue | Villager (Male) |
| 22:02 | Build | Farm |
| 22:04 | Build | Farm |
| 22:24 | Queue | Villager (Male) |
| 22:26 | Build | Farm |
| 22:28 | Build | Farm |
| 22:30 | Build | House |
| 22:30 | Build | House |
| 22:32 | Queue | Villager (Male) |
| 22:32 | Queue | Villager (Male) |
| 22:49 | Research | Husbandry |
| 22:52 | Build | Blacksmith |
Build order — Granny Pumpkinz
First 150 of 320 actions detected
| 0:02 | Queue | Villager (Male) |
| 0:03 | Build | House |
| 0:04 | Build | House |
| 0:04 | Queue | Villager (Male) |
| 0:05 | Queue | Villager (Male) |
| 0:05 | Queue | Villager (Male) |
| 0:57 | Build | Palisade Wall |
| 1:30 | Queue | Villager (Male) |
| 1:31 | Queue | Villager (Male) |
| 2:10 | Queue | Villager (Male) |
| 2:10 | Queue | Villager (Male) |
| 2:19 | Queue | Villager (Male) |
| 2:19 | Queue | Villager (Male) |
| 2:53 | Queue | Villager (Male) |
| 2:53 | Queue | Villager (Male) |
| 2:57 | Build | Lumber Camp |
| 3:02 | Queue | Villager (Male) |
| 3:02 | Queue | Villager (Male) |
| 3:38 | Queue | Villager (Male) |
| 3:43 | Build | House |
| 4:18 | Queue | Villager (Male) |
| 4:33 | Build | House |
| 4:41 | Queue | Villager (Male) |
| 4:41 | Queue | Villager (Male) |
| 5:17 | Queue | Villager (Male) |
| 5:35 | Queue | Villager (Male) |
| 5:35 | Queue | Villager (Male) |
| 5:36 | Queue | Villager (Male) |
| 6:25 | Queue | Villager (Male) |
| 6:26 | Queue | Villager (Male) |
| 6:26 | Queue | Villager (Male) |
| 6:26 | Queue | Villager (Male) |
| 6:26 | Queue | Villager (Male) |
| 6:27 | Queue | Villager (Male) |
| 6:30 | Build | Mill |
| 7:43 | Build | Mining Camp |
| 7:49 | Build | Mining Camp |
| 8:25 | Build | House |
| 8:53 | Queue | Villager (Male) |
| 9:15 | Research | Feudal Age |
| 11:28 | Age | Feudal Age |
| 11:28 | Queue | Villager (Male) |
| 11:29 | Build | Market |
| 11:31 | Build | Blacksmith |
| 11:35 | Build | Farm |
| 11:39 | Build | Farm |
| 11:46 | Build | Farm |
| 11:48 | Queue | Villager (Male) |
| 12:17 | Research | Castle Age |
| 12:17 | Research | Castle Age |
| 12:21 | Build | Lumber Camp |
| 12:42 | Research | Double-Bit Axe |
| 13:23 | Build | House |
| 13:34 | Research | Horse Collar |
| 13:34 | Research | Horse Collar |
| 14:28 | Build | House |
| 14:58 | Age | Castle Age |
| 15:01 | Build | Siege Workshop |
| 15:04 | Queue | Villager (Male) |
| 15:06 | Build | Town Center |
| 15:12 | Build | Town Center |
| 15:15 | Research | Bow Saw |
| 15:30 | Build | House |
| 15:32 | Queue | Villager (Male) |
| 15:42 | Build | Farm |
| 15:44 | Build | Farm |
| 15:51 | Queue | Villager (Male) |
| 16:06 | Queue | Villager (Male) |
| 16:20 | Queue | Villager (Male) |
| 16:23 | Build | House |
| 16:28 | Queue | Villager (Male) ×2 |
| 16:34 | Build | Farm |
| 16:35 | Build | Farm |
| 16:49 | Queue | Villager (Male) |
| 16:57 | Queue | Villager (Male) |
| 17:08 | Build | Farm |
| 17:10 | Build | Farm |
| 17:12 | Build | Farm |
| 17:13 | Queue | Villager (Male) |
| 17:17 | Build | House |
| 17:29 | Queue | Villager (Male) |
| 17:36 | Queue | Mangonel |
| 17:45 | Build | Farm |
| 17:46 | Queue | Villager (Male) |
| 17:51 | Build | House |
| 17:54 | Queue | Villager (Male) |
| 17:59 | Build | Farm |
| 18:00 | Build | Farm |
| 18:05 | Queue | Villager (Male) |
| 18:13 | Build | House |
| 18:15 | Build | House |
| 18:21 | Queue | Villager (Male) |
| 18:38 | Build | Farm |
| 18:39 | Build | Farm |
| 18:40 | Build | Farm |
| 18:46 | Queue | Villager (Male) |
| 18:50 | Queue | Villager (Male) ×2 |
| 19:02 | Queue | Mangonel |
| 19:08 | Queue | Villager (Male) |
| 19:16 | Build | House |
| 19:29 | Queue | Villager (Male) ×2 |
| 19:35 | Build | Farm |
| 19:36 | Queue | Villager (Male) |
| 19:42 | Build | Farm |
| 19:43 | Build | Farm |
| 19:45 | Build | Farm |
| 19:46 | Build | Farm |
| 20:08 | Build | House |
| 20:10 | Build | House |
| 20:12 | Queue | Villager (Male) ×3 |
| 20:15 | Queue | Mangonel |
| 20:16 | Queue | Villager (Male) |
| 20:41 | Queue | Villager (Male) ×3 |
| 20:52 | Queue | Villager (Male) |
| 20:55 | Queue | Mangonel |
| 21:07 | Build | Farm |
| 21:21 | Queue | Villager (Male) ×3 |
| 21:27 | Build | Town Center |
| 21:41 | Queue | Villager (Male) ×3 |
| 21:44 | Build | Farm |
| 21:53 | Research | Heavy Plow |
| 22:08 | Build | Farm |
| 22:10 | Queue | Villager (Male) |
| 22:13 | Research | Wheelbarrow |
| 22:18 | Research | Gold Mining |
| 22:27 | Queue | Villager (Male) |
| 22:29 | Queue | Villager (Male) |
| 22:39 | Build | Barracks |
| 22:44 | Queue | Villager (Male) ×2 |
| 22:47 | Build | Farm |
| 22:52 | Build | House |
| 22:53 | Build | House |
| 22:56 | Queue | Villager (Male) |
| 23:03 | Queue | Villager (Male) |
| 23:09 | Queue | Villager (Male) |
| 23:15 | Build | Farm |
| 23:44 | Queue | Villager (Male) ×4 |
| 23:49 | Build | Mill |
| 23:50 | Build | Farm |
| 23:50 | Build | Farm |
| 23:51 | Build | Farm |
| 23:51 | Build | Farm |
| 23:51 | Build | Farm |
| 23:51 | Build | Farm |
| 23:54 | Queue | Villager (Male) ×2 |
| 24:05 | Build | Farm |
| 24:11 | Research | Gold Shaft Mining |
| 24:16 | Build | Farm |
| 24:20 | Queue | Villager (Male) |
| 24:27 | Build | House |
Build order — YoungPanda
First 150 of 329 actions detected
| 0:01 | Queue | Villager (Male) |
| 0:02 | Build | House |
| 0:03 | Build | House |
| 0:11 | Queue | Villager (Male) |
| 0:16 | Queue | Villager (Male) |
| 0:17 | Queue | Villager (Male) |
| 0:49 | Research | Loom |
| 0:50 | Queue | Villager (Male) |
| 0:50 | Queue | Villager (Male) |
| 1:40 | Queue | Villager (Male) |
| 1:45 | Build | Palisade Wall |
| 2:26 | Queue | Villager (Male) |
| 2:27 | Queue | Villager (Male) |
| 2:36 | Build | Lumber Camp |
| 2:44 | Queue | Villager (Male) |
| 3:05 | Queue | Villager (Male) |
| 3:05 | Queue | Villager (Male) |
| 3:26 | Build | House |
| 3:32 | Queue | Villager (Male) |
| 4:07 | Queue | Villager (Male) |
| 4:50 | Queue | Villager (Male) |
| 4:50 | Queue | Villager (Male) |
| 5:04 | Queue | Villager (Male) |
| 5:19 | Queue | Villager (Male) |
| 5:41 | Queue | Villager (Male) |
| 5:46 | Build | House |
| 5:48 | Queue | Villager (Male) |
| 6:23 | Queue | Villager (Male) |
| 6:45 | Build | Barracks |
| 6:49 | Queue | Villager (Male) |
| 7:40 | Queue | Villager (Male) |
| 7:58 | Build | Mining Camp |
| 7:59 | Research | Feudal Age |
| 8:15 | Queue | Militia |
| 8:16 | Queue | Militia |
| 8:19 | Build | House |
| 8:30 | Queue | Militia |
| 8:31 | Queue | Militia |
| 8:38 | Queue | Villager (Male) |
| 8:48 | Queue | Militia |
| 10:01 | Build | House |
| 10:20 | Age | Feudal Age |
| 10:21 | Research | Man-at-Arms (upgrade) |
| 10:24 | Build | Watch Tower |
| 10:34 | Queue | Villager (Male) |
| 10:38 | Build | Archery Range |
| 10:40 | Queue | Villager (Male) |
| 10:51 | Research | Double-Bit Axe |
| 11:00 | Build | House |
| 11:27 | Queue | Villager (Male) |
| 11:34 | Queue | Archer |
| 11:34 | Queue | Archer |
| 11:35 | Queue | Villager (Male) |
| 11:51 | Build | Mill |
| 12:24 | Queue | Archer |
| 12:29 | Queue | Villager (Male) |
| 12:37 | Queue | Villager (Male) |
| 12:41 | Build | Farm |
| 12:42 | Build | Farm |
| 12:52 | Queue | Archer |
| 12:59 | Build | Watch Tower |
| 13:23 | Queue | Villager (Male) |
| 13:34 | Build | Watch Tower |
| 13:47 | Queue | Villager (Male) |
| 13:53 | Build | Blacksmith |
| 14:13 | Build | Farm |
| 14:14 | Queue | Villager (Male) |
| 14:30 | Queue | Villager (Male) |
| 14:33 | Queue | Villager (Male) |
| 14:36 | Queue | Villager (Male) |
| 14:36 | Queue | Villager (Male) |
| 14:38 | Build | Farm |
| 14:46 | Queue | Archer |
| 14:54 | Research | Fletching |
| 14:54 | Research | Fletching |
| 15:13 | Queue | Villager (Male) |
| 15:15 | Build | House |
| 15:17 | Build | Farm |
| 15:21 | Queue | Archer |
| 15:28 | Queue | Villager (Male) |
| 15:39 | Build | House |
| 15:56 | Build | Mining Camp |
| 16:12 | Queue | Villager (Male) |
| 16:15 | Build | Farm |
| 16:38 | Build | Farm |
| 16:41 | Queue | Villager (Male) |
| 17:01 | Queue | Villager (Male) |
| 17:09 | Queue | Villager (Male) |
| 17:11 | Build | Farm |
| 17:13 | Research | Horse Collar |
| 17:30 | Build | Farm |
| 17:33 | Build | Farm |
| 17:35 | Queue | Villager (Male) |
| 17:59 | Build | Farm |
| 18:00 | Build | Farm |
| 18:28 | Build | Farm |
| 18:33 | Build | Farm |
| 18:47 | Queue | Villager (Male) |
| 19:22 | Build | Farm |
| 19:23 | Build | Farm |
| 19:24 | Build | Farm |
| 19:24 | Research | Castle Age |
| 19:53 | Build | Stable |
| 19:56 | Research | Scale Barding Armor |
| 19:56 | Research | Scale Barding Armor |
| 20:01 | Build | Farm |
| 20:28 | Queue | Scout Cavalry |
| 20:29 | Queue | Scout Cavalry |
| 21:03 | Build | House |
| 21:05 | Build | House |
| 21:06 | Build | House |
| 21:07 | Build | House |
| 21:36 | Queue | Scout Cavalry |
| 21:43 | Queue | Scout Cavalry |
| 21:48 | Queue | Villager (Male) |
| 22:09 | Age | Castle Age |
| 22:15 | Build | Siege Workshop |
| 22:18 | Research | Light Cavalry (upgrade) |
| 22:18 | Queue | Villager (Male) |
| 22:25 | Build | Farm |
| 22:25 | Build | Farm |
| 22:26 | Queue | Villager (Male) |
| 22:29 | Build | Lumber Camp |
| 22:44 | Queue | Scout Cavalry |
| 23:03 | Queue | Scout Cavalry |
| 23:28 | Queue | Camel Scout |
| 23:32 | Queue | Villager (Male) |
| 23:42 | Queue | Mangonel |
| 23:49 | Queue | Villager (Male) |
| 23:55 | Queue | Villager (Male) |
| 24:06 | Build | Market |
| 24:13 | Queue | Villager (Male) |
| 24:27 | Build | Outpost |
| 24:28 | Research | Town Watch |
| 24:32 | Queue | Villager (Male) |
| 24:40 | Queue | Scout Cavalry |
| 24:40 | Queue | Scout Cavalry |
| 24:54 | Research | Wheelbarrow |
| 25:07 | Research | Town Watch |
| 25:07 | Research | Wheelbarrow |
| 25:08 | Queue | Villager (Male) |
| 25:14 | Build | Town Center |
| 25:34 | Queue | Villager (Male) |
| 25:42 | Build | Town Center |
| 25:58 | Build | Farm |
| 26:01 | Queue | Villager (Male) |
| 26:19 | Build | Stone Wall |
| 26:27 | Build | Stone Wall |
| 26:32 | Queue | Villager (Male) |
| 26:35 | Queue | Villager (Male) |
Match timeline
| 0:57 | Granny Pumpkinz · wall_segment Palisade Wall x11 |
| 1:18 | Prince <3 · wall_segment Palisade Wall x1 |
| 1:22 | Prince <3 · wall_segment Palisade Wall x1 |
| 1:23 | Prince <3 · wall_segment Palisade Wall x1 |
| 1:28 | Prince <3 · wall_segment Palisade Wall x1 |
| 1:45 | YoungPanda · wall_segment Palisade Wall x8 |
| 5:35 | SharkAoE · wall_segment Palisade Wall x8 |
| 5:43 | Flex · wall_segment Palisade Wall x9 |
| 6:06 | SharkAoE · wall_segment Palisade Wall x8 |
| 6:29 | Prince <3 · first_building Barracks |
| 6:45 | YoungPanda · first_building Barracks |
| 7:47 | Prince <3 · wall_segment Palisade Wall x1 |
| 7:49 | Prince <3 · wall_segment Palisade Wall x1 |
| 7:56 | Violet Ania · first_building Barracks |
| 8:04 | Inebriation · wall_segment Palisade Wall x1 |
| 8:05 | Inebriation · wall_segment Palisade Wall x1 |
| 8:07 | Inebriation · wall_segment Palisade Wall x1 |
| 8:16 | Inebriation · wall_segment Palisade Wall x1 |
| 8:38 | Flex · wall_segment Palisade Wall x7 |
| 8:51 | Prince <3 · wall_segment Palisade Wall x1 |
| 9:07 | Flex · wall_segment Palisade Wall x1 |
| 9:43 | Violet Ania · age_up feudal |
| 9:47 | Violet Ania · first_building Stable |
| 10:05 | Prince <3 · age_up feudal |
| 10:20 | YoungPanda · age_up feudal |
| 10:23 | Flex · wall_segment Palisade Wall x4 |
| 10:25 | Flex · wall_segment Palisade Wall x6 |
| 10:30 | Harry · first_building Barracks |
| 10:36 | SharkAoE · wall_segment Palisade Wall x3 |
| 10:38 | YoungPanda · first_building Archery Range |
| 10:55 | SharkAoE · wall_segment Palisade Wall x4 |
| 11:10 | Prince <3 · first_building Archery Range |
| 11:14 | SharkAoE · wall_segment Palisade Wall x5 |
| 11:28 | Granny Pumpkinz · age_up feudal |
| 11:39 | Harry · age_up feudal |
| 11:46 | Harry · first_building Stable |
| 11:51 | SharkAoE · age_up feudal |
| 11:52 | Inebriation · age_up feudal |
| 11:55 | SharkAoE · wall_segment Stone Wall x8 |
| 11:58 | SharkAoE · wall_segment Stone Wall x7 |
| 12:45 | Harry · first_market_buy 100 food |
| 12:48 | Harry · first_market_sell 100 wood |
| 13:09 | Prince <3 · wall_segment Stone Wall x10 |
| 13:12 | Flex · age_up feudal |
| 13:38 | Flex · wall_segment Stone Wall x10 |
| 14:17 | Flex · wall_segment Stone Wall x7 |
| 14:53 | SharkAoE · wall_segment Stone Wall x1 |
| 14:58 | Granny Pumpkinz · age_up castle |
| 15:01 | Granny Pumpkinz · first_building Siege Workshop |
| 15:27 | Inebriation · age_up castle |
| 15:40 | Harry · age_up castle |
| 15:49 | Inebriation · first_building Castle |
| 16:02 | SharkAoE · age_up castle |
| 16:02 | Prince <3 · wall_segment Stone Wall x1 |
| 16:10 | Flex · wall_segment Stone Wall x4 |
| 16:11 | Flex · wall_segment Stone Wall x5 |
| 16:14 | SharkAoE · first_building Monastery |
| 16:27 | Granny Pumpkinz · first_market_sell 100 wood |
| 16:41 | SharkAoE · wall_segment Stone Wall x8 |
| 16:48 | SharkAoE · wall_segment Stone Wall x11 |
| 17:02 | SharkAoE · wall_segment Stone Wall x4 |
| 17:31 | Flex · first_building Barracks |
| 18:23 | Prince <3 · first_market_sell 100 stone |
| 18:23 | Prince <3 · first_market_buy 100 food |
| 18:37 | Violet Ania · first_market_buy 100 food |
| 18:42 | SharkAoE · first_market_sell 100 food |
| 19:00 | Flex · first_building Stable |
| 19:03 | Harry · first_building Monastery |
| 19:14 | Violet Ania · wall_segment Palisade Wall x12 |
| 19:16 | Prince <3 · wall_segment Stone Wall x1 |
| 19:20 | Violet Ania · wall_segment Palisade Wall x8 |
| 19:21 | Prince <3 · wall_segment Stone Wall x1 |
| 19:51 | Flex · age_up castle |
| 19:53 | YoungPanda · first_building Stable |
| 20:03 | Flex · first_building Siege Workshop |
| 20:06 | SharkAoE · wall_segment Stone Wall x5 |
| 20:11 | Violet Ania · wall_segment Palisade Wall x11 |
| 20:16 | SharkAoE · wall_segment Stone Wall x2 |
| 21:12 | Prince <3 · age_up castle |
| 21:23 | Violet Ania · age_up castle |
| 21:24 | Granny Pumpkinz · first_market_buy 100 stone |
| 22:09 | YoungPanda · age_up castle |
| 22:15 | YoungPanda · first_building Siege Workshop |
| 22:39 | Granny Pumpkinz · first_building Barracks |
| 23:11 | SharkAoE · wall_segment Stone Wall x5 |
| 23:42 | Prince <3 · first_building Castle |
| 24:11 | Violet Ania · first_market_sell 100 wood |
| 24:22 | SharkAoE · wall_segment Stone Wall x1 |
| 24:28 | SharkAoE · wall_segment Stone Wall x1 |
| 24:48 | SharkAoE · first_building Castle |
| 24:50 | Inebriation · first_building Siege Workshop |
| 24:55 | SharkAoE · wall_segment Stone Wall x1 |
| 25:12 | SharkAoE · first_market_buy 100 stone |
| 25:39 | YoungPanda · first_market_buy 100 wood |
| 25:58 | Prince <3 · wall_segment Stone Wall x5 |
| 25:58 | Granny Pumpkinz · first_building Stable |
| 26:01 | Granny Pumpkinz · first_building Monastery |
| 26:19 | YoungPanda · wall_segment Stone Wall x17 |
| 26:27 | YoungPanda · wall_segment Stone Wall x1 |
| 26:46 | SharkAoE · age_up imperial |
| 27:19 | YoungPanda · wall_segment Stone Wall x9 |
| 27:22 | YoungPanda · wall_segment Stone Wall x9 |
| 27:42 | Inebriation · first_market_sell 100 food |
| 28:17 | Harry · first_building Castle |
| 28:48 | Granny Pumpkinz · first_building Castle |
| 28:53 | YoungPanda · wall_segment Stone Wall x9 |
| 29:08 | Inebriation · first_building Barracks |
| 29:47 | YoungPanda · wall_segment Stone Wall x7 |
| 30:00 | Granny Pumpkinz · age_up imperial |
| 30:15 | YoungPanda · wall_segment Stone Wall x1 |
| 30:21 | YoungPanda · wall_segment Stone Wall x8 |
| 30:23 | YoungPanda · wall_segment Palisade Wall x1 |
| 30:30 | YoungPanda · first_building Monastery |
| 31:33 | Inebriation · age_up imperial |
| 31:36 | Inebriation · first_building Stable |
| 31:50 | YoungPanda · wall_segment Stone Wall x10 |
| 31:54 | YoungPanda · wall_segment Stone Wall x1 |
| 31:55 | Violet Ania · first_building Siege Workshop |
| 31:57 | Harry · first_building Siege Workshop |
| 32:18 | Prince <3 · wall_segment Stone Wall x1 |
| 32:48 | Inebriation · first_building Archery Range |
| 32:59 | Violet Ania · wall_segment Palisade Wall x5 |
| 33:16 | Harry · age_up imperial |
| 34:30 | Prince <3 · wall_segment Stone Wall x11 |
| 34:37 | Prince <3 · wall_segment Stone Wall x12 |
| 35:00 | YoungPanda · first_building Castle |
| 35:09 | YoungPanda · age_up imperial |
| 35:10 | Inebriation · first_market_buy 100 stone |
| 35:39 | SharkAoE · first_building Barracks |
| 35:40 | Violet Ania · age_up imperial |
| 36:37 | Violet Ania · tribute_sent a jugador 2 |
| 36:37 | Violet Ania · tribute_sent a jugador 3 |
| 36:37 | Violet Ania · tribute_sent a jugador 4 |
| 36:37 | Violet Ania · tribute_sent a jugador 5 |
| 36:37 | Violet Ania · tribute_sent a jugador 6 |
| 36:37 | Violet Ania · tribute_sent a jugador 7 |
| 36:37 | Violet Ania · tribute_sent a jugador 8 |
| 36:44 | Violet Ania · first_building Castle |
| 37:30 | Prince <3 · wall_segment Stone Wall x1 |
| 37:36 | Prince <3 · wall_segment Stone Wall x14 |
| 37:48 | Prince <3 · wall_segment Stone Wall x10 |
| 38:03 | Prince <3 · wall_segment Stone Wall x17 |
| 38:16 | Inebriation · resign |
| 38:28 | Violet Ania · tribute_sent a jugador 2 |
| 38:28 | Violet Ania · tribute_sent a jugador 3 |
| 38:28 | Violet Ania · tribute_sent a jugador 4 |
| 38:28 | Violet Ania · tribute_sent a jugador 5 |
| 38:28 | Violet Ania · tribute_sent a jugador 6 |
| 38:28 | Violet Ania · tribute_sent a jugador 7 |
| 38:28 | Violet Ania · tribute_sent a jugador 8 |
| 38:32 | Prince <3 · wall_segment Stone Wall x13 |
[ AI ANALYSIS · 1 CREDIT ]
What really happened in this match?
Wolo.gg analyzes every decision: build order, eco, micro, common mistakes by bracket. Personalized analysis on WhatsApp or Discord in 30 seconds.
Civ guide
Poles
Perfil
Flex